AoeStats
← Erickinio

Arena

507397120Analyzed
1v1 RM · 13d ago on Sep 18, 2026· 46m 38s· 2 players
Game mode
Random Map
Map size
Tiny (2 player)
Population
200
Speed
Normal
Resources
Standard
Victory
Conquest
Starting age
Dark Age
Ending age
Imperial Age
RankedLock teamsTeams togetherTeam positionsShared explorationLock speedFull tech treeHidden civsTurbo modeCheats
Victory
Defeat
🇦🇷 Celts · Argentina
866
+16
🇦🇷 Goths · Argentina
869
-16
Erickinio
10:01 Feudal Age
10:15 Loom
10:34 Double-Bit Axe
11:22 Man-at-Arms
12:16 Arson
14:02 Forging
15:34 Stone Mining
17:03 Scale Mail Armor
21:58 Horse Collar
24:31 Castle Age
25:59 Bow Saw
25:31 Long Swordsman
25:57 Gambesons
27:01 Iron Casting
27:52 Gold Mining
30:50 Chain Mail Armor
34:50 Wheelbarrow
34:16 Murder Holes
34:14 Treadmill Crane
36:28 Gold Shaft Mining
36:29 Stone Shaft Mining
38:28 Masonry
40:35 Heavy Plow
41:14 Stronghold
41:02 Pikeman
45:12 Imperial Age
43:23 Fortified Wall
46:16 Conscription
46:58 Blast Furnace
45:32 Two-Handed Swordsman
47:23 Hand Cart
46:53 Town Watch
nutria._.del._.monte
10:38 Feudal Age
11:19 Double-Bit Axe
11:18 Horse Collar
15:29 Loom
17:59 Castle Age
16:53 Man-at-Arms
19:10 Long Swordsman
23:17 Scale Mail Armor
28:17 Forging
31:39 Crossbowman
35:35 Iron Casting
35:16 Chain Mail Armor
36:31 Squires
37:33 Wheelbarrow
37:27 Fletching
39:56 Bodkin Arrow
46:48 Imperial Age
45:01 Hand Cart
46:34 Anarchy
Connection lost

Rejoining the realm…

Still unreachable

The connection could not be restored.

Session expired

The server has moved on; the page needs a fresh start.